AAA EAST
GWINNETT STRIPERS @ ROCHESTER RED WINGS
05/04/2042
 
TOP OF THE 1ST
Gwinnett Stripers batting - Pitching for Rochester Red Wings : RHP Chip Fitzsymons
Pitching: RHP Chip Fitzsymons
Batting: RHB Sean Vaughan 0-0: Ball
1-0: Called Strike
1-1: Ball
2-1: Ball
3-1: Base on Balls
Batting: RHB Shawn Wright 0-0: Sac Bunt to 5S - play at first, batter OUT! 5-3
Sean Vaughan to second
Batting: RHB Sean O'Dennehy 0-0: Called Strike
0-1: Swinging Strike
0-2: Hit by Pitch
Batting: LHB Joey Huff 0-0: Called Strike
0-1: Ball
1-1: Grounds into double play, 4-6-3 (Groundball, 34D, EV 99.4 MPH)
Top of the 1st over - 0 runs, 0 hits, 0 errors, 1 left on base; Gwinnett 0 - Rochester 0
BOTTOM OF THE 1ST
Rochester Red Wings batting - Pitching for Gwinnett Stripers : LHP Víctor Gómez
Pitching: LHP Víctor Gómez
Batting: LHB Dwayne Charles 0-0: Ball
1-0: Called Strike
1-1: Foul Ball, location: 2F
1-2: Strikes out looking
Batting: LHB Cal Brown 0-0: Ball
1-0: Ball
2-0: Ball
3-0: Base on Balls
Batting: SHB Bernardo Reyes 0-0: Called Strike
0-1: SINGLE (Groundball, 4D, EV 95.0 MPH)
Cal Brown to second
Batting: SHB Juan Trevino 0-0: Called Strike
0-1: Ball
1-1: Grounds into double play, 5-4-3 (Groundball, 56, EV 103.8 MPH)
Bottom of the 1st over - 0 runs, 1 hit, 0 errors, 1 left on base; Gwinnett 0 - Rochester 0
TOP OF THE 2ND
Gwinnett Stripers batting - Pitching for Rochester Red Wings : RHP Chip Fitzsymons
Batting: RHB Sean Prince 0-0: Called Strike
0-1: Swinging Strike
0-2: Ground out 6-3 (Groundball, 6, EV 90.6 MPH)
Batting: LHB Víctor Castro 0-0: Called Strike
0-1: Ball
1-1: Ball
2-1: Foul Ball, location: 2F
2-2: SINGLE (Groundball, 15S, EV 69.4 MPH) (infield hit)
Batting: RHB Tong-myeon Lee 0-0: Ball
1-0: Called Strike
1-1: SINGLE (Groundball, 15, EV 66.3 MPH) (infield hit)
Víctor Castro to second
Batting: RHB Dave Stuart 0-0: Fly out, F8 (Flyball, 8RD, EV 95.0 MPH)
Runner from 2nd tags up, OUT at 3rd! 8-5
Top of the 2nd over - 0 runs, 2 hits, 0 errors, 1 left on base; Gwinnett 0 - Rochester 0
BOTTOM OF THE 2ND
Rochester Red Wings batting - Pitching for Gwinnett Stripers : LHP Víctor Gómez
Batting: RHB Artie Miller 0-0: Ground out 2-3 (Groundball, 2L, EV 65.6 MPH)
Batting: RHB Jake Johnson 0-0: Fly out, F9 (Flyball, 9, EV 88.8 MPH)
Batting: LHB Joe Ward 0-0: Ball
1-0: Swinging Strike
1-1: Ball
2-1: Swinging Strike
2-2: Ball
3-2: Base on Balls
Batting: RHB Chih Chan 0-0: Ball
1-0: Fielders Choice at 2nd, 6-4 (Groundball, 6, EV 105.6 MPH)
Bottom of the 2nd over - 0 runs, 0 hits, 0 errors, 1 left on base; Gwinnett 0 - Rochester 0
TOP OF THE 3RD
Gwinnett Stripers batting - Pitching for Rochester Red Wings : RHP Chip Fitzsymons
Batting: SHB Rob Alford 0-0: Foul Ball, location: 23FF
0-1: Ball
1-1: Foul Ball, location: 2F
1-2: Ball
2-2: Ball
3-2: Fly out, F7 (Flyball, 7, EV 90.0 MPH)
Batting: RHB Sean Vaughan 0-0: Ball
1-0: Ball
2-0: Ball
3-0: Called Strike
3-1: Foul Ball, location: 5F
3-2: Ground out U3 (Groundball, 3, EV 81.9 MPH)
Batting: RHB Shawn Wright 0-0: Foul Ball, location: 2F
0-1: Swinging Strike
0-2: Fly out, F8 (Flyball, 8RD, EV 93.1 MPH)
Top of the 3rd over - 0 runs, 0 hits, 0 errors, 0 left on base; Gwinnett 0 - Rochester 0
BOTTOM OF THE 3RD
Rochester Red Wings batting - Pitching for Gwinnett Stripers : LHP Víctor Gómez
Batting: RHB Eric Fleming 0-0: Ball
1-0: Ball
2-0: Ball
3-0: Foul Ball, location: 9LSF
3-1: Swinging Strike
3-2: Strikes out looking
Batting: LHB Dwayne Charles 0-0: DOUBLE (Groundball, 5L, EV 103.8 MPH)
Batting: LHB Cal Brown 0-0: Called Strike
0-1: Ball
1-1: Ball
2-1: Foul Ball, location: 2F
2-2: Ball
3-2: Base on Balls
Batting: SHB Bernardo Reyes 0-0: Ball
1-0: Ball
2-0: Ball
3-0: Called Strike
3-1: Base on Balls
Dwayne Charles to third
Cal Brown to second
Batting: SHB Juan Trevino 0-0: Called Strike
0-1: Ball
1-1: Swinging Strike
1-2: Ball
2-2: Ball
3-2: Base on Balls
Dwayne Charles scores
Cal Brown to third
Bernardo Reyes to second
Batting: RHB Artie Miller 0-0: Ball
1-0: Fly out, F9 (Flyball, 9S, EV 91.3 MPH)
Batting: RHB Jake Johnson 0-0: Ball
1-0: Called Strike
1-1: Ground out 5-3 (Groundball, 56S, EV 62.5 MPH)
Bottom of the 3rd over - 1 run, 1 hit, 0 errors, 3 left on base; Gwinnett 0 - Rochester 1
TOP OF THE 4TH
Gwinnett Stripers batting - Pitching for Rochester Red Wings : RHP Chip Fitzsymons
Batting: RHB Sean O'Dennehy 0-0: Ball
1-0: SINGLE (Line Drive, 89S, EV 103.1 MPH)
Batting: LHB Joey Huff 0-0: Foul Ball, location: 3F
0-1: Ball
1-1: Grounds into double play, 6-4-3 (Groundball, 6, EV 76.9 MPH)
Batting: RHB Sean Prince 0-0: Foul Ball, location: 2F
0-1: Foul Ball, location: 5F
0-2: Fly out, F3 (Popup, 3F, EV 57.5 MPH)
Top of the 4th over - 0 runs, 1 hit, 0 errors, 0 left on base; Gwinnett 0 - Rochester 1
BOTTOM OF THE 4TH
Rochester Red Wings batting - Pitching for Gwinnett Stripers : LHP Víctor Gómez
Batting: LHB Joe Ward 0-0: Ball
1-0: Ball
2-0: Reached via error on a dropped throw from 2B, E3 (Groundball, 4D, EV 98.8 MPH)
Batting: RHB Chih Chan 0-0: Sac Bunt to 23 - play at first, batter OUT! 3-4
Joe Ward to second
Batting: RHB Eric Fleming 0-0: Called Strike
0-1: SINGLE (Flyball, 4D, EV 95.0 MPH)
Joe Ward to third
Batting: LHB Dwayne Charles 0-0: Ball
1-0: Foul Ball, location: 2F
1-1: Ball
2-1: Ball
3-1: Base on Balls
Eric Fleming to second
Batting: LHB Cal Brown 0-0: Called Strike
0-1: Ball
1-1: Grounds into double play, 5-4-3 (Groundball, 15, EV 95.0 MPH)
Bottom of the 4th over - 0 runs, 1 hit, 1 error, 2 left on base; Gwinnett 0 - Rochester 1
TOP OF THE 5TH
Gwinnett Stripers batting - Pitching for Rochester Red Wings : RHP Chip Fitzsymons
Batting: LHB Víctor Castro 0-0: Fly out, F6 (Popup, P, EV 89.4 MPH)
Batting: RHB Tong-myeon Lee 0-0: Ground out 4-3 (Groundball, 4M, EV 105.6 MPH)
Batting: RHB Dave Stuart 0-0: Ball
1-0: Ball
2-0: Foul Ball, location: 3F
2-1: Ball
3-1: Foul Ball, location: 3F
3-2: Strikes out swinging
Top of the 5th over - 0 runs, 0 hits, 0 errors, 0 left on base; Gwinnett 0 - Rochester 1
BOTTOM OF THE 5TH
Rochester Red Wings batting - Pitching for Gwinnett Stripers : LHP Víctor Gómez
Batting: SHB Bernardo Reyes 0-0: Ball
1-0: Ball
2-0: Called Strike
2-1: Foul Ball, location: 9LDF
2-2: Foul Ball, location: 3FF
2-2: SINGLE (Groundball, 34D, EV 99.4 MPH)
Batting: SHB Juan Trevino 0-0: Ball
1-0: Ball
2-0: Foul Ball, location: 5FF
2-1: Swinging Strike
2-2: SINGLE (Line Drive, 7S, EV 110.0 MPH)
Bernardo Reyes to second
Batting: RHB Artie Miller 0-0: Called Strike
0-1: SINGLE (Line Drive, 78S, EV 93.8 MPH)
Bernardo Reyes to third
Juan Trevino to second
Batting: RHB Jake Johnson 0-0: Ball
1-0: Called Strike
1-1: Foul Ball, location: 2F
1-2: DOUBLE (Flyball, 8RD, EV 105.6 MPH)
Bernardo Reyes scores
Juan Trevino scores
Artie Miller to third
Batting: LHB Joe Ward 0-0: Called Strike
0-1: Called Strike
0-2: Ball
1-2: Strikes out swinging
Batting: RHB Chih Chan 0-0: Swinging Strike
0-1: Ball
1-1: Called Strike
1-2: Foul Ball, location: 2F
1-2: Ball
2-2: TRIPLE (Flyball, 89XD, EV 86.3 MPH)
Artie Miller scores
Jake Johnson scores
Pitching: RHP José Nieves
Batting: RHB Eric Fleming 0-0: Ball
1-0: Called Strike
1-1: Ball
2-1: Foul Ball, location: 5FF
2-2: Strikes out swinging
Batting: LHB Dwayne Charles 0-0: 2-RUN HOME RUN (Flyball, 7LD, EV 95.6 MPH), Distance : 353 ft
Batting: LHB Cal Brown 0-0: Ball
1-0: Ball
2-0: Called Strike
2-1: Ball
3-1: Foul Ball, location: 7LMF
3-2: Fly out, F6 (Popup, 6M, EV 48.1 MPH)
Bottom of the 5th over - 6 runs, 6 hits, 0 errors, 0 left on base; Gwinnett 0 - Rochester 7
TOP OF THE 6TH
Gwinnett Stripers batting - Pitching for Rochester Red Wings : RHP Chip Fitzsymons
Batting: SHB Rob Alford 0-0: Ball
1-0: Foul Ball, location: 25F
1-1: Foul Ball, location: 3FF
1-2: Ball
2-2: Ball
3-2: Ground out 6-3 (Groundball, 56, EV 99.4 MPH)
Batting: RHB Sean Vaughan 0-0: Called Strike
0-1: Ground out 5-3 (Groundball, 56, EV 97.5 MPH)
Batting: RHB Shawn Wright 0-0: Ball
1-0: Foul Ball, location: 23F
1-1: Ground out 3-1 (Groundball, 34S, EV 72.5 MPH)
Top of the 6th over - 0 runs, 0 hits, 0 errors, 0 left on base; Gwinnett 0 - Rochester 7
BOTTOM OF THE 6TH
Rochester Red Wings batting - Pitching for Gwinnett Stripers : RHP José Nieves
Batting: SHB Bernardo Reyes 0-0: Foul Ball, location: 25F
0-1: Called Strike
0-2: Ball
1-2: Reached on error, E4 (Groundball, 4M, EV 81.9 MPH)
Batting: SHB Juan Trevino 0-0: Swinging Strike
0-1: Ball
1-1: Fly out, F7 (Line Drive, 7S, EV 85.0 MPH)
Batting: RHB Artie Miller 0-0: Ball
1-0: Swinging Strike
1-1: Ball
2-1: Foul Ball, location: 5DF
2-2: Foul Ball, location: 9LMF
2-2: DOUBLE (Line Drive, 89D, EV 109.4 MPH)
Bernardo Reyes to third
Runner from 3rd tries for Home, SAFE, throw by CF to home
Batting: RHB Jake Johnson 0-0: Called Strike
0-1: Fly out, F8 (Flyball, 8LD, EV 98.1 MPH)
Batting: LHB Joe Ward 0-0: Ball
1-0: Swinging Strike
1-1: Ball
2-1: Ground out 6-3 (Groundball, 6MS, EV 83.1 MPH)
Bottom of the 6th over - 1 run, 1 hit, 1 error, 1 left on base; Gwinnett 0 - Rochester 8
TOP OF THE 7TH
Gwinnett Stripers batting - Pitching for Rochester Red Wings : RHP Chip Fitzsymons
Batting: RHB Sean O'Dennehy 0-0: Ball
1-0: Ground out 6-3 (Groundball, 6, EV 81.9 MPH)
Batting: LHB Joey Huff 0-0: Ball
1-0: Swinging Strike
1-1: Called Strike
1-2: Strikes out swinging
Batting: RHB Sean Prince 0-0: Foul Ball, location: 3F
0-1: Foul Ball, location: 23F
0-2: Ball
1-2: Strikes out swinging
Top of the 7th over - 0 runs, 0 hits, 0 errors, 0 left on base; Gwinnett 0 - Rochester 8
BOTTOM OF THE 7TH
Rochester Red Wings batting - Pitching for Gwinnett Stripers : RHP José Nieves
Batting: RHB Chih Chan 0-0: Ball
1-0: Ball
2-0: Ball
3-0: Base on Balls
Batting: RHB Eric Fleming 0-0: Ball
1-0: Called Strike
1-1: Foul Ball, location: 23F
1-2: Fly out, F8 (Flyball, 8LXD, EV 107.5 MPH)
Batting: LHB Dwayne Charles 0-0: Called Strike
0-1: Ball
1-1: Ball
2-1: Swinging Strike
2-2: Strikes out swinging
Batting: LHB Cal Brown 0-0: Fly out, F7 (Line Drive, 7LM, EV 89.4 MPH)
Bottom of the 7th over - 0 runs, 0 hits, 0 errors, 1 left on base; Gwinnett 0 - Rochester 8
TOP OF THE 8TH
Gwinnett Stripers batting - Pitching for Rochester Red Wings : RHP Chip Fitzsymons
Batting: LHB Víctor Castro 0-0: SINGLE (Line Drive, 8RS, EV 85.6 MPH)
Batting: RHB Tong-myeon Lee 0-0: Foul Ball, location: 2F
0-1: Ball
1-1: Called Strike
1-2: Foul Ball, location: 2F
1-2: SINGLE (Line Drive, 8LS, EV 86.3 MPH)
Víctor Castro to second
Batting: RHB Dave Stuart 0-0: Foul Ball, location: 9LSF
0-1: Grounds into double play, 3-6-3 (Groundball, 3, EV 100.6 MPH)
Víctor Castro to third
Batting: SHB Rob Alford 0-0: Foul Ball, location: 5F
0-1: Ball
1-1: Ball
2-1: Called Strike
2-2: Ball
3-2: Strikes out swinging
Top of the 8th over - 0 runs, 2 hits, 0 errors, 1 left on base; Gwinnett 0 - Rochester 8
BOTTOM OF THE 8TH
Rochester Red Wings batting - Pitching for Gwinnett Stripers : RHP José Nieves
Batting: SHB Bernardo Reyes 0-0: Called Strike
0-1: Ball
1-1: Ball
2-1: Fly out, F8 (Flyball, 78D, EV 104.4 MPH)
Batting: SHB Juan Trevino 0-0: Foul Ball, location: 7LMF
0-1: Fly out, F7 (Flyball, 78S, EV 78.8 MPH)
Batting: RHB Artie Miller 0-0: Called Strike
0-1: Foul Ball, location: 2F
0-2: Ball
1-2: Ball
2-2: Ground out 4-3 (Groundball, 4, EV 88.8 MPH)
Bottom of the 8th over - 0 runs, 0 hits, 0 errors, 0 left on base; Gwinnett 0 - Rochester 8
TOP OF THE 9TH
Gwinnett Stripers batting - Pitching for Rochester Red Wings : RHP Chip Fitzsymons
Batting: RHB Sean Vaughan 0-0: Ball
1-0: Called Strike
1-1: Foul Ball, location: 2F
1-2: Strikes out swinging
Batting: RHB Shawn Wright 0-0: Ball
1-0: Fly out, F7 (Line Drive, 7D, EV 87.5 MPH)
Batting: RHB Sean O'Dennehy 0-0: Ball
1-0: Ground out 6-3 (Groundball, 6, EV 92.5 MPH)
Top of the 9th over - 0 runs, 0 hits, 0 errors, 0 left on base; Gwinnett 0 - Rochester 8
Wednesday, May 1st , 2024 - OOTP Baseball 24.10 Build 82